 Dungeon Crawl Stone Soup version 0.29.1-15-g9cfb28693d (webtiles) character file.

Game seed: 11225027842510704882

131 Heoruswealwe the Magician (level 4, -4/24 HPs)
             Began as a Deep Elf Earth Elementalist on Mar 31, 2023.
             Slain by an iguana (11 damage)
             ... on level 4 of the Dungeon.
             The game lasted 00:22:28 (2370 turns).

Heoruswealwe the Magician (DEEE)                    Turns: 2370, Time: 00:22:28

Health: -4/24      AC:  3    Str:  5    XL:     4   Next: 91%
Magic:  9/13       EV: 12    Int: 22    God:
Gold:   55         SH:  0    Dex: 15    Spells: 3/13 levels left

rFire   . . .      SeeInvis .   (no weapon)
rCold   . . .      Faith    .   (no shield)
rNeg    . . .      Spirit   .   i - +0 robe
rPois   .          Reflect  .   j - +0 helmet
rElec   .          Harm     .   (no cloak)
rCorr   .          Rampage  .   (no gloves)
Will    .....                   (no boots)
Stlth   ++........              (no amulet)
HPRegen 0.08/turn               h - ring of wizardry
MPRegen 0.13/turn               (no ring)

@: no status effects
A: no striking features
a: no special abilities


You were on level 4 of the Dungeon.
You visited 1 branch of the dungeon, and saw 4 of its levels.

You collected 127 gold pieces.
You spent 72 gold pieces at shops.

Inventory:

Armour
 a - a +0 robe
 i - a +0 robe (worn)
 j - a +0 helmet (worn)
 l - a +0 helmet
Jewellery
 h - a ring of wizardry (left hand)
Scrolls
 c - 3 scrolls of brand weapon
 e - a scroll of blinking
 f - a scroll of teleportation {unknown}
 g - a scroll of butterflies {unknown}
Potions
 b - a potion of magic
 d - a potion of might {unknown}
 k - a potion of heal wounds {unknown}
 m - 2 potions of ambrosia {unknown}


   Skills:
 - Level 2.4 Dodging
 - Level 2.4 Stealth
 * Level 5.0 Spellcasting
 + Level 2.4 Transmutations
 * Level 4.6 Earth Magic


You had 3 spell levels left.
You knew the following spells:

 Your Spells              Type           Power      Damage    Failure   Level
a - Sandblast             Erth           52%        2d12      1%          1
b - Stone Arrow           Conj/Erth      30%        3d8       4%          3
c - Petrify               Tmut/Erth      21%        N/A       10%         4
z - Passwall              Tmut/Erth      17%        N/A       1%          2

Your spell library contained the following spells:

 Spells                   Type           Power      Damage    Failure   Level


Dungeon Overview and Level Annotations

Branches:
Dungeon (4/15)
 Temple: D:4-7

Altars:

Shops:
D:2 ?


Message History

There is a stone staircase leading up here.
Found a stone staircase leading up.
A kobold comes into view. It is wielding a +0 whip.
You miscast Sandblast.
You are very lightly contaminated with residual magic.
Nothing appears to happen.
The blast of sand hits the kobold!
You kill the kobold!
Your Spellcasting skill increases to level 5!
Things that are here:
a +0 whip; a kobold corpse Your magical contamination has completely faded away.
Casting: Sandblast (safe; 1% risk of failure)
Confirm with . or Enter, or press ? or * to list all spells.
Aiming: Passwall (safe; 1% risk of failure)
Press: ? - help, Dir - move target A rock wall.
Something is blocking your path through the rock.
There is a stone staircase leading up here.
You climb upwards.
There is a stone staircase leading down here.
Magic restored.
There is an escape hatch in the floor here.
You slide downwards.
The hatch slams shut behind you.
You hear the sound of rushing water.
There is an entrance to a sewer on this level.
Hurry and find it before the portal rusts away!
You hear the slow rusting of a very distant drain.
An iguana comes into view.
The blast of sand misses the iguana.
The blast of sand hits the iguana but does no damage.
The iguana closely misses you. x2
The blast of sand hits the iguana!
The iguana is severely wounded.
The iguana bites you!
The blast of sand hits the iguana.
The iguana is almost dead.
The iguana bites you!
* * * LOW HITPOINT WARNING * * *
The iguana bites you!
You die...

#.......#.....
####.######...
#..# ... #.##
.. #.# . #.#
#.# ##.##
#.@l#
#..........
##...#.##..
##..#.# ##.# #
.# .# ..


You could see an iguana.

Vanquished Creatures
  Robin (D:3)
  4 adders (D:3)
  3 worms
  2 dart slugs
  8 bats
  6 endoplasms
  A giant cockroach (D:2)
  9 goblins
  5 hobgoblins
  5 jackals
  5 quokkas
  7 ball pythons
  4 frilled lizards
  3 kobolds
  3 rats
66 creatures vanquished.

Notes
Turn   | Place    | Note
-------+----------+-------------------------------------------
     0 | D:1      | Heoruswealwe the Deep Elf Earth Elementalist began the
                  | quest for the Orb.
     0 | D:1      | Reached XP level 1. HP: 10/10 MP: 6/6
   303 | D:1      | Reached XP level 2. HP: 15/15 MP: 4/8
   321 | D:1      | Learned a level 2 spell: Passwall
   714 | D:2      | Reached XP level 3. HP: 19/19 MP: 8/10
   718 | D:2      | Learned a level 3 spell: Stone Arrow
   890 | D:2      | Reached skill level 4 in Spellcasting
  1030 | D:2      | Found Tunk's Magic Scroll Shoppe.
  1048 | D:2      | Bought a scroll of identify for 24 gold pieces
  1048 | D:2      | Bought a scroll of identify for 24 gold pieces
  1048 | D:2      | Bought a scroll of identify for 24 gold pieces
  1685 | D:3      | Reached XP level 4. HP: 24/24 MP: 9/12
  1693 | D:3      | Learned a level 4 spell: Petrify
  1987 | D:3      | Noticed Robin
  2009 | D:3      | Killed Robin
  2300 | D:4      | Reached skill level 5 in Spellcasting
  2370 | D:4      | Slain by an iguana

Illustrated notes

Levels and vault maps discovered:
D:1:      reono_arrival_forest_river, layout_basic
D:2:      layout_loops_cross, serial_shops, shop, st_stairs_8
D:3:      layout_basic, grunt_ministairs_11, uniq_robin
D:4:      kennysheep_spiral_hall, layout_loops_cross,
          minmay_temple_entry_arrows, serial_shops, nicolae_shop_waterfront,
          nicolae_stop_n_shop_1, cheibrodos_sewer_entry_bend, uniq_sigmund,
          uniq_crazy_yiuf_cottage

Skill      XL: |  1  2  3  4 |
---------------+-------------+-----
Earth Magic    | 4 |  4.6
Spellcasting   | 4 5 |  5.0
Transmutations | 2 |  2.4
Dodging        | |  2.4
Stealth        | |  2.4

Action                   |  1- 3 |  4- 6 || total
-------------------------+-------+-------++-------
 Cast: Sandblast         |    63 |    33 ||    96
       Passwall          |     1 |     4 ||     5
  Use: Scroll            |     6 |     1 ||     7
Armor: Robe              |     2 |     2 ||     4
Dodge: Dodged            |    17 |    23 ||    40
